 Dungeon Crawl Stone Soup version 0.29.1-13-g9f3cf754e1 (webtiles) character file.

Game seed: 10852756312533182972

49 hbarley the Trooper (level 3, -3/33 HPs)
             Began as a Hill Orc Fighter on Feb 3, 2023.
             Slain by a worm (7 damage)
             ... on level 2 of the Dungeon.
             The game lasted 00:02:27 (1366 turns).

hbarley the Trooper (Hill Orc Fighter)              Turns: 1366, Time: 00:02:28

Health: -3/33      AC:  7    Str: 20    XL:     3   Next: 75%
Magic:  3/3        EV:  9    Int:  8    God:
Gold:   78         SH:  4    Dex: 10    Spells: 2/2 levels left

rFire   . . .      SeeInvis .   i - +0 hand axe (vorpal)
rCold   . . .      Faith    .   c - +0 buckler
rNeg    . . .      Spirit   .   b - +0 scale mail
rPois   .          Reflect  .   (no helmet)
rElec   .          Harm     .   f - scarf {repulsion}
rCorr   .          Rampage  .   (no gloves)
Will    .....                   (no boots)
Stlth   ..........              (no amulet)
HPRegen 0.11/turn               (no ring)
MPRegen 0.08/turn               (no ring)

@: repel missiles
A: no striking features
a: no special abilities


You were on level 2 of the Dungeon.
You visited 1 branch of the dungeon, and saw 2 of its levels.

You collected 78 gold pieces.

Inventory:

Hand Weapons
 a - a +0 war axe
 i - a +0 vorpal hand axe (weapon)
Armour
 b - a +0 scale mail (worn)
 c - a +0 buckler (worn)
 f - a scarf of repulsion (worn)
Scrolls
 e - a scroll of fear {unknown}
 g - a scroll of torment {unknown}
 k - a scroll of poison {unknown}
Potions
 d - a potion of might
 h - a potion of brilliance {unknown}
 j - a potion of curing {unknown}


   Skills:
 + Level 4.2 Fighting
 + Level 3.8 Axes
 + Level 3.7 Armour
 + Level 0.2 Dodging
 + Level 3.5 Shields


You had 2 spell levels left.
You didn't know any spells.
Your spell library was empty.

Dungeon Overview and Level Annotations

Branches:
Dungeon (2/15)

Altars:


Message History

You miss the frilled lizard. You block the frilled lizard's attack.
The frilled lizard closely misses you.
You miss the frilled lizard. You hit the rat.
You kill the rat!
The frilled lizard bites you.
You hit the frilled lizard.
You kill the frilled lizard!
You see here a frilled lizard corpse.
k - a scroll labelled LOIQUO RIFE
Things that are here:
7 stones; a +0 leather armour You see here a rat corpse.
A worm comes into view.
A worm comes into view.
Found 5 gold pieces.
Found an inky potion.
The worm bites you!
You hit the worm.
The worm is moderately wounded.
The worm bites you but does no damage.
You barely miss the worm.
The worm is lightly wounded.
You hit the worm.
The worm is severely wounded.
You hit the worm. The worm bites you but does no damage. The worm bites you!
You completely miss the worm.
The worm is heavily wounded.
You hit the worm. The worm bites you.
You barely miss the worm.
The worm is heavily wounded.
You hit the worm. The worm barely misses you.
You slash the worm!
You kill the worm!
You hit the worm. The worm barely misses you. The worm bites you!
* * * LOW HITPOINT WARNING * * *
You hit the worm.
The worm is almost dead.
The worm bites you!
You die...

#.# #. #.# ##.. ###
#.# ###...##.. ...
......#.### ...
....#....###
#.........###
#...#......$#
#...w@....# #
#####......###..
!.........###...# .
.#.###........# .
#......### . #.##.###
..# # ##.##...### ##.#
..........†.### .##.#
.#######..†(..###(##.#


You could see a worm.

Vanquished Creatures
  An adder (D:2)
  A worm (D:2)
  3 bats
  5 endoplasms (D:1)
  A giant cockroach (D:1)
  6 goblins
  A hobgoblin (D:2)
  4 jackals (D:1)
  3 quokkas (D:1)
  A ball python (D:1)
  5 frilled lizards
  2 rats
33 creatures vanquished.

Notes
Turn   | Place    | Note
-------+----------+-------------------------------------------
     0 | D:1      | hbarley the Hill Orc Fighter began the quest for the Orb.
     0 | D:1      | Reached XP level 1. HP: 19/19 MP: 1/1
   125 | D:1      | Reached XP level 2. HP: 22/27 MP: 2/2
   472 | D:1      | Reached skill level 4 in Fighting
   831 | D:1      | Reached XP level 3. HP: 27/33 MP: 3/3
  1366 | D:2      | Slain by a worm

Illustrated notes

Levels and vault maps discovered:
D:1:      arrival_zaba_pyramid, layout_basic
D:2:      layout_loops_ring, minmay_misc_feat_pillars, minmay_unequal

Skill      XL: |  1  2 |
---------------+-------+-----
Axes           | 3 |  3.8
Fighting       | 4 |  4.2
Armour         | |  3.7
Dodging        | |  0.2
Shields        | |  3.5

Action                   || total
-------------------------++-------
Melee: War axe           ||    29
       Hand axe          ||    58
Armor: Scale mail        ||    47
Dodge: Dodged            ||    35
Block: Buckler           ||    22
